 Dungeon Crawl Stone Soup version 0.31-a0-851-g7ff8af7976 (webtiles) character file.

Game seed: 16112093804702158170

13911 promet the Skirmisher (level 12, -3/64 (72) HPs)
             Began as an Octopode Hedge Wizard on Oct 6, 2023.
             Was a Priest of Hepliaklqana.
             Slain by a spectral orc
             ... wielding a +0 flail
             ... summoned by Nergalle
              (8 damage)
             ... on level 1 of the Lair of Beasts.
             The game lasted 02:38:22 (27074 turns).

promet the Skirmisher (Octopode Hedge Wizard)      Turns: 27074, Time: 02:38:22

HP:   -3/64 (72)    AC:  1    Str:  9    XL:     12   Next: 11%
MP:   23/24         EV: 29    Int: 27    God:    Hepliaklqana [***...]
Gold: 634           SH:  0    Dex: 12    Spells: 10/27 levels left

rFire   + . .        a - +3 trident (drain)
rCold   . . .        (no shield)
rNeg    . . .        f - +0 hat
rPois   .            r - amulet of the acrobat
rElec   .            i - +6 ring of intelligence
rCorr   .            G - ring of protection from fire
SInv    .            (no ring)
Will    .....        (no ring)
Stlth   ++++         (no ring)
HPRegen 0.30/turn    (no ring)
MPRegen 0.19/turn    (no ring)
                     (no ring)

%: acrobat
@: acrobatic, heavily drained
A: reduced essence, almost no armour, amphibious, 8 rings, camouflage 1,
gelatinous body 1, (nimble swimmer 1), tentacles, antennae 1, mutation
resistance 1
a: Renounce Religion, Recall Ancestor, Ancestor Identity, Transference


You were on level 1 of the Lair of Beasts.
You worshipped Hepliaklqana.
Hepliaklqana was most pleased with you.
You visited 3 branches of the dungeon, and saw 13 of its levels.

You collected 634 gold pieces.

Inventory:

Hand Weapons
 a - a +3 trident of draining (weapon)
 b - a +0 arbalest
 h - a +2 dagger of pain
 l - a +0 rapier
 o - a +0 morningstar
 p - a +0 war axe
 s - a +0 long sword
 B - a +0 halberd of venom
 D - a +2 orcbow
Missiles
 e - 144 stones
 g - 3 throwing nets
 m - 5 atropa-tipped darts
 y - 4 curare-tipped darts
 J - 6 poisoned darts (quivered)
Armour
 f - a +0 hat (worn)
 C - an orb of guile
Magical Staves
 q - a staff of earth
Jewellery
 i - a +6 ring of intelligence (left tentacle)
 r - an amulet of the acrobat (around mantle)
 w - an amulet of faith
 G - a ring of protection from fire (right tentacle)
Wands
 n - a wand of acid (8)
 u - a wand of charming (10)
 E - a wand of digging (3)
 H - a wand of flame (10)
Scrolls
 d - a scroll of poison
 t - a scroll of teleportation
 x - a scroll of vulnerability
 A - 3 scrolls of fear
 F - 2 scrolls of identify
 K - a scroll of torment
Potions
 c - 3 potions of magic
 j - 2 potions of might
 k - a potion of brilliance
 v - 3 potions of curing
 z - a potion of enlightenment
 I - a potion of lignification


   Skills:
 * Level 7.4 Fighting
 + Level 1.2 Short Blades
 + Level 4.8 Polearms
 + Level 9.1 Ranged Weapons
 + Level 0.1 Throwing
 + Level 4.5 Dodging
 + Level 6.8 Stealth
 + Level 8.1 Spellcasting
 + Level 1.2 Conjurations
 + Level 2.4 Hexes
 + Level 6.2 Summonings
 * Level 5.7 Necromancy
 + Level 1.6 Translocations
 + Level 1.2 Fire Magic
 + Level 3.2 Air Magic
 + Level 2.0 Poison Magic


You had 10 spell levels left.
You knew the following spells:

 Your Spells              Type           Power      Damage    Failure   Level
a - Magic Dart            Conj           68%        1d6       3%          1
b - Slow                  Hex            96%        N/A       1%          1
c - Blink                 Tloc           40%        N/A       4%          2
d - Call Imp              Summ           88%        N/A       1%          2
e - Mephitic Cloud        Conj/Pois/Air  22%        N/A       6%          3
f - Ignite Poison         Fire/Tmut/Pois 16%        N/A       10%         3
g - Agony                 Necr           42%        N/A       14%         5

Your spell library contained the following spells:

 Spells                   Type           Power      Damage    Failure   Level
 Necrotise                Necr           100%       1d9       1%          1
 Cigotuvi's Dreadful Rot  Necr/Pois/Air  60%        N/A       1%          2
 Vampiric Draining        Necr           42%        2d9       1%          3
 Lesser Beckoning         Tloc           40%        N/A       4%          2
 Momentum Strike          Conj/Tloc      36%        3d9       4%          2
 Sticky Flame             Conj/Fire      17%        2d4       32%         4
 Freezing Cloud           Conj/Ice/Air   9%         6-21      61%         5
 Haunt                    Necr/Summ      21%        N/A       98%         7
 Borgnjor's Revivificati  Necr           21%        N/A       100%        8
 Ignition                 Fire           8%         3d5       100%        8
 Death's Door             Necr           21%        N/A       100%        9


Dungeon Overview and Level Annotations

Branches:
Dungeon (10/15)            Temple (1/1) D:4            Lair (2/5) D:10
  Swamp: Lair:2-3    Shoals: Lair:2-3     Snake: Lair:2-3    Spider: Lair:2-3
    Orc: D:9-12

Altars:
Ashenzari
Cheibriados
Dithmenos
Elyvilon
Fedhas
Gozag
Hepliaklqana
Kikubaaqudgha
Makhleb
Nemelex Xobeh
Okawaru
Qazlal
Ru
Sif Muna
Trog
Uskayaw
Vehumet
Wu Jian
Xom
Yredelemnul
Zin
The Shining One

Shops:
D:4 =   D:6 (

Annotations:
D:8 3 runed translucent doors, kd29's ghost, novice HOMo
Lair:1 Nergalle


Innate Abilities, Weirdness & Mutations

Your life essence is reduced to manifest your ancestor. (-10% HP)
You cannot wear most types of armour.
You are amphibious.
You can wear up to eight rings at the same time.
Your skin changes colour to match your surroundings (Stealth+).
Your rubbery body absorbs attacks. (AC +1, EV +1)
((You are camouflaged when in or above water. (Stealth+)))
You have tentacles for arms and can constrict up to eight enemies at once.
You have a pair of small antennae on your head.
You are somewhat resistant to further mutation.


Message History

The spectral orc knight attacks as it pursues you!
The spectral orc knight completely misses you.
Your cerulean imp hits the spectral orc knight but does no damage.
The spectral orc knight attacks as it pursues you!
The spectral orc knight closely misses you.
The spectral orc knight attacks as it pursues you!
The spectral orc knight hits you with a +0 long sword!
The spectral orc knight attacks as it pursues you!
The spectral orc knight hits you with a +0 long sword.
* * * LOW HITPOINT WARNING * * *
Okay, then.
Casting: Call Imp (safe; 1% risk of failure)
Confirm with . or Enter, or press ? or * to list all spells.
You blink.
Nergalle says, "Why is everything spinning?"
The spectral orc knight closely misses you.
The spectral orc knight attacks as it pursues you!
The spectral orc knight closely misses you.
The spectral orc knight misses you.
The spectral orc knight attacks as it pursues you!
The spectral orc knight barely misses you.
You feel ready to blink again.
The spectral orc knight attacks as it pursues you!
The spectral orc knight completely misses you.
The spectral orc knight attacks as it pursues you!
The spectral orc knight barely misses you.
The spectral orc knight attacks as it pursues you!
The spectral orc knight completely misses you.
The spectral orc knight attacks as it pursues you!
The spectral orc knight misses you. Nergalle casts a spell at you.
Orcish apparitions take form around you.
The spectral orc warrior attacks as it pursues you!
The spectral orc warrior completely misses you.
The spectral orc misses you.
The spectral orc warrior attacks as it pursues you!
The spectral orc warrior hits you from afar with a +0 glaive!
* * * LOW HITPOINT WARNING * * *
The spectral orc hits you with a +0 flail!
You die...

ZR....#....##.#.##.....##.....#..
......#....#.......>...##....##..
....o##.................#....##..
.....##....##...##.....##.....#..
.....#.....##.####.....##........
#.#..#......#.##.#......#........
.###.#....>............##........
.........o.....Z.......##...P....
.........R...ZZ.@.........P......
.............>ZZ.................
.................................
##.###.....).....................
### #.....##..####....#..#.###..
#### #.....##### #...#.......#..
...###......#######...#.......#..
#....'.......'........#.......#..
#...##.....###..###...........#..


You could see the friendly Oma the hexer, Nergalle (ally target), 2 spectral
orcs, a spectral orc warrior (summoned) and 2 spectral orc knights.

Vanquished Creatures
  2 death yaks (D:10)
  Pikel (D:5)
  Jeremiah (D:8)
  2 trolls
  Grinder (D:5)
  3 blink frogs (Lair:1)
  10 yaks
  2 water moccasins (Lair:1)
  2 sky beasts
  An ice beast (D:5)
  3 black bears
  An ogre (D:7)
  2 wolves (Lair:1)
  2 bullfrogs
  4 scorpions
  2 gnoll sergeants
  4 killer bees
  A howler monkey (D:9)
  3 hounds (D:6)
  A jelly (D:4)
  4 orc priests
  An iguana (D:5)
  4 sleepcaps
  7 orc wizards
  3 hell rats
  14 gnolls
  5 adders
  A shadow imp (D:7)
  An ufetubus (D:6)
  2 worms (D:5)
  A dart slug (D:4)
  29 orcs
  12 ball pythons
  6 bats
  2 endoplasms
  6 giant cockroaches
  10 goblins
  5 hobgoblins
  7 jackals (D:5)
  7 quokkas
  4 frilled lizards
  9 kobolds
  6 rats
194 creatures vanquished.

Vanquished Creatures (collateral kills)
  A two-headed ogre (D:9)
  A death yak (D:10)
  2 cane toads (Lair:1)
  A black mamba (Lair:1)
  2 komodo dragons (Lair:1)
  A troll (D:9)
  2 hornets
  A blink frog (Lair:1)
  Sigmund (D:5)
  A shadow (D:9)
  2 yaks
  2 wyverns (D:9)
  A steam dragon (D:8)
  An acid dragon (D:8)
  A water moccasin (D:7)
  A black bear (D:4)
  3 wolves (Lair:1)
  2 ogres
  3 centaurs
  3 kobold brigands
  5 bullfrogs
  10 killer bees
  2 electric eels (Lair:1)
  5 howler monkeys
  An orc priest (D:4)
  2 hell rats (D:10)
  2 orc wizards
  2 adders
  6 gnolls
  A river rat (D:10)
  A shadow imp (D:6)
  12 orcs
  An endoplasm (D:2)
  A giant cockroach (D:2)
  3 goblins
  A hobgoblin (D:2)
  11 kobolds
  A quokka (D:10)
  A ball python (D:1)
100 creatures vanquished.

Vanquished Creatures (others)
  11 hexers
  An orc wizard (D:5)
12 creatures vanquished.

Grand Total: 306 creatures vanquished

Notes
Turn   | Place    | Note
-------+----------+-------------------------------------------
     0 | D:1      | promet the Octopode Hedge Wizard began the quest for the
                  | Orb.
     0 | D:1      | Reached XP level 1. HP: 11/11 MP: 4/4
   194 | D:1      | Found a faded altar of an unknown god.
   258 | D:1      | Reached XP level 2. HP: 17/17 MP: 6/6
   360 | D:1      | Learned a level 1 spell: Slow
   363 | D:1      | Learned a level 2 spell: Blink
   366 | D:1      | Learned a level 2 spell: Call Imp
  1147 | D:1      | Reached XP level 3. HP: 12/21 MP: 8/8
  1999 | D:2      | Found a snail-covered altar of Cheibriados.
  2389 | D:2      | Reached XP level 4. HP: 27/27 MP: 6/9
  3357 | D:3      | Reached skill level 1 in Fighting
  3357 | D:3      | Reached skill level 1 in Ranged Weapons
  3874 | D:3      | Reached XP level 5. HP: 29/33 MP: 8/11
  4174 | D:3      | Found an opulent altar of Gozag.
  4916 | D:4      | Noticed a black bear
  4949 | D:4      | Killed a black bear
  4950 | D:4      | Reached skill level 1 in Hexes
  5080 | D:4      | Found a staircase to the Ecumenical Temple.
  5090 | D:4      | Reached XP level 6. HP: 39/39 MP: 8/12
  5279 | D:4      | Reached skill level 2 in Ranged Weapons
  5316 | D:4      | Noticed a black bear
  5605 | D:4      | Found Wass's Jewellery Emporium.
  6015 | D:4      | Reached skill level 1 in Necromancy
  6602 | D:4      | Killed a black bear
  7264 | D:4      | Reached XP level 7. HP: 45/45 MP: 14/14
  8051 | D:5      | Entered Level 5 of the Dungeon
  8063 | D:5      | Gained mutation: You occasionally lose the ability to read
                  | scrolls when taking damage. [potion of mutation]
  8063 | D:5      | Gained mutation: You have supernaturally acute eyesight.
                  | (SInv) [potion of mutation]
  8063 | D:5      | Gained mutation: You have an increased reservoir of magic.
                  | (+10% MP) [potion of mutation]
  8978 | D:5      | Reached skill level 1 in Polearms
  9084 | D:5      | Noticed Sigmund
  9522 | D:5      | Reached skill level 5 in Spellcasting
 10032 | D:5      | Noticed Pikel
 10324 | D:5      | Killed Pikel
 10325 | D:5      | Reached skill level 3 in Ranged Weapons
 10325 | D:5      | Reached XP level 8. HP: 51/53 MP: 9/18
 10578 | D:5      | Noticed Grinder
 10604 | D:5      | Paralysed by Grinder for 4 turns
 10610 | D:5      | Killed Grinder
 10611 | D:5      | Reached skill level 4 in Ranged Weapons
 11173 | D:5      | Learned a level 3 spell: Mephitic Cloud
 11192 | D:5      | Found a sparkling altar of Nemelex Xobeh.
 11310 | D:5      | Reached XP level 9. HP: 58/58 MP: 19/19
 11365 | D:5      | Killed Sigmund
 11597 | Temple   | Entered the Ecumenical Temple
 11609 | Temple   | Became a worshipper of Hepliaklqana the Forgotten
 12291 | D:6      | Found Kekhlazy's Weapon Shoppe.
 13458 | D:7      | Noticed a troll
 13467 | D:7      | Reached skill level 5 in Ranged Weapons
 13467 | D:7      | Reached skill level 1 in Poison Magic
 13845 | D:7      | Killed a troll
 14950 | D:7      | Reached * piety under Hepliaklqana
 15892 | D:8      | Reached skill level 5 in Fighting
 15892 | D:8      | Reached XP level 10. HP: 44/59 MP: 19/21
 15956 | D:8      | Noticed Jeremiah
 16041 | D:8      | Killed Jeremiah
 16042 | D:8      | Reached skill level 1 in Air Magic
 16210 | D:8      | Noticed a tengu warrior
 16217 | D:8      | Found a runed translucent gate.
 16217 | D:8      | Found a runed translucent gate.
 16217 | D:8      | Found a runed translucent gate.
 16218 | D:8      | Noticed kd29's ghost (novice HOMo)
 16285 | D:8      | Learned a level 3 spell: Ignite Poison
 16332 | D:8      | Reached skill level 5 in Summonings
 16394 | D:8      | Reached ** piety under Hepliaklqana
 16395 | D:8      | Remembered your ancestor Oma as a hexer
 16580 | D:8      | Lost mutation: You occasionally lose the ability to read
                  | scrolls when taking damage. [potion of mutation]
 16580 | D:8      | Lost mutation: You have supernaturally acute eyesight.
                  | (SInv) [potion of mutation]
 16580 | D:8      | Lost mutation: You have an increased reservoir of magic.
                  | (+10% MP) [potion of mutation]
 16580 | D:8      | Gained mutation: You occasionally lose the ability to drink
                  | potions when taking damage. [potion of mutation]
 17189 | D:9      | Noticed a two-headed ogre
 17703 | D:9      | Reached skill level 6 in Ranged Weapons
 18002 | D:9      | Reached skill level 5 in Stealth
 18149 | D:9      | Killed a two-headed ogre
 18787 | D:9      | Found a shadowy altar of Dithmenos.
 18885 | D:9      | Reached skill level 7 in Ranged Weapons
 19174 | D:9      | Found a burning altar of Makhleb.
 19459 | D:10     | Entered Level 10 of the Dungeon
 19742 | D:10     | Noticed a death yak
 19955 | D:10     | Found a basalt altar of Yredelemnul.
 20933 | D:10     | Reached XP level 11. HP: 61/63 MP: 16/22
 21164 | D:9      | Reached skill level 1 in Fire Magic
 22047 | D:10     | Found a radiant altar of Vehumet.
 22249 | D:10     | Lost mutation: You occasionally lose the ability to drink
                  | potions when taking damage. [potion of mutation]
 22249 | D:10     | Gained mutation: You are somewhat resistant to further
                  | mutation. [potion of mutation]
 22249 | D:10     | Gained mutation: You have a pair of small antennae on your
                  | head. [potion of mutation]
 22571 | D:10     | Found a staircase to the Lair.
 22579 | D:10     | Noticed a death yak
 22584 | D:10     | Noticed a death yak
 23208 | D:10     | Killed a death yak
 23209 | D:10     | Reached skill level 8 in Ranged Weapons
 23211 | D:10     | Killed a death yak
 23298 | D:10     | Killed a death yak
 23687 | Lair:1   | Entered Level 1 of the Lair of Beasts
 24032 | Lair:1   | Reached skill level 5 in Necromancy
 24997 | Lair:1   | Reached skill level 1 in Short Blades
 25302 | Lair:1   | Reached *** piety under Hepliaklqana
 25714 | Lair:1   | You fall into a shaft and drop 1 floor!
 26013 | Lair:1   | Reached XP level 12. HP: 72/72 MP: 24/24
 26458 | Lair:1   | Reached skill level 9 in Ranged Weapons
 26707 | Lair:1   | Learned a level 5 spell: Agony
 26820 | Lair:1   | Noticed Nergalle
 27074 | Lair:1   | Slain by a spectral orc

Illustrated notes

Levels and vault maps discovered:
D:1:      psy_arrival_radial02, layout_loops_corners,
          dreamdust_ecumenical_altar_angels_and_demons
D:2:      layout_basic, basic_altar
D:3:      layout_basic, grunt_gozag_breadcrumbs, minmay_checkerbox
D:4:      layout_rooms, minmay_temple_entry_tees, serial_shops,
          nicolae_stop_n_shop_2, nicolae_underground_beach
D:5:      layout_basic, nemelex_diamond_rough_becter, gup_sewer_entry_bubbles,
          uniq_grinder, uniq_pikel, uniq_sigmund
D:6:      layout_layer_cave, serial_shops, nicolae_shop_bloodbath_and_beyond
D:7:      layout_cave_pods, serial_rivers, chequers_serial_rivers_room_a,
          chequers_serial_rivers_room_b, chequers_serial_rivers_room_a,
          chequers_serial_rivers_micro_a, chequers_serial_rivers_large_a
D:8:      layout_gridville, lightli_bailey_entry_fortress,
          gammafunk_ghost_split, kennysheep_generic_room_4, uniq_jeremiah
D:9:      layout_irregular_city, grunt_dithmenos_smoke_and_mirrors,
          old_standard_altar
D:10:     layout_layer_cave, mainiacjoe_overflow_catwalk_spiral,
          dpeg_lair_monsters
Temple:   compressed_dpeg_triangle_lava_temple
Lair:1:   layout_regular_city, grunt_forest_small_clearings,
          chequers_serial_rivers_room_a, serial_bayou_shore_a,
          lemuel_fruit_tree, uniq_nergalle
Lair:2:   layout_hall_layers, alex1729_swamp_entry_worm_eleionoma,
          guppyfry_snake_entry_island, grunt_megastairs_4, uniq_harold,
          uniq_erica

Skill      XL: |  1  2  3  4  5  6  7  8  9 10 11 12 |
---------------+-------------------------------------+-----
Fighting       | 1 2 3 4 5 6 7 |  7.4
Ranged Weapons | 1 2 3 4 5 7 8 9 |  9.1
Stealth        | 3 4 5 6 |  6.8
Spellcasting   | 4 5 6 7 8 |  8.1
Hexes          | 1 2 |  2.4
Necromancy     | 1 3 5 |  5.7
Polearms       | 1 4 |  4.8
Summonings     | 3 4 5 6 |  6.2
Dodging        | 3 4 |  4.5
Poison Magic   | 2 |  2.0
Air Magic      | 2 3 |  3.2
Fire Magic     | 1 |  1.2
Short Blades   | 1 |  1.2
Throwing       | |  0.1
Conjurations   | |  1.2
Translocations | |  1.6

Action                     |  1- 3 |  4- 6 |  7- 9 | 10-12 || total
---------------------------+-------+-------+-------+-------++-------
  Melee: Dagger            |    47 |     2 |     1 |     5 ||    55
         Constrict         |    13 |    13 |    28 |    12 ||    66
         Tentacles         |    12 |    10 |    21 |    19 ||    62
         Rapier            |       |     6 |       |       ||     6
         Halberd           |       |    32 |   133 |     5 ||   170
         Morningstar       |       |     1 |       |       ||     1
         Punch             |       |       |     2 |     2 ||     4
         Trident           |       |       |       |    64 ||    64
   Fire: Orcbow            |    21 |    52 |   160 |     7 ||   240
         Arbalest          |       |       |       |   197 ||   197
  Throw: Dart              |       |       |       |     7 ||     7
   Cast: Magic Dart        |    14 |    15 |     4 |     4 ||    37
         Call Imp          |     5 |    31 |    77 |    61 ||   174
         Blink             |     1 |       |     4 |     8 ||    13
         Slow              |       |    21 |    14 |    12 ||    47
         Mephitic Cloud    |       |       |     1 |     4 ||     5
         Ignite Poison     |       |       |       |     3 ||     3
 Invoke: Recall Ancestor   |       |       |       |     2 ||     2
         Ancestor Life: He |       |       |       |     1 ||     1
  Evoke: Wand              |       |     1 |     4 |     1 ||     6
    Use: Scroll            |       |     9 |     5 |     3 ||    17
         Potion            |       |       |     8 |     3 ||    11
   Stab: Sleeping          |     5 |       |     2 |     2 ||     9
         Distracted        |       |     1 |     2 |     2 ||     5
         Confused          |       |       |       |     3 ||     3
 Armour: Skin              |    23 |    48 |    99 |    91 ||   261
  Dodge: Dodged            |    40 |    78 |   139 |   134 ||   391

Table legend: (Time is in decaauts)
 A = Elapsed time spent in this place.
 B = Non-inter-level travel time spent in this place.
 C = Inter-level travel time spent in this place.
 D = Time resting spent in this place.
 E = Time spent auto-exploring this place.
 F = Levels seen in this place.
 G = Mean time per level.
                   A        B        C        D        E       F      G
               +--------+--------+--------+--------+--------+-----+--------+
         Total |  27305 |  26300 |   1005 |  12745 |   2354 |  13 | 2100.4 |
       Dungeon |  24305 |  23301 |   1004 |  11186 |   2255 |  10 | 2430.5 |
        Temple |     24 |     24 |      0 |      0 |      0 |   1 |   24.0 |
          Lair |   2975 |   2975 |      0 |   1559 |     99 |   2 | 1487.5 |
               +--------+--------+--------+--------+--------+-----+--------+

Top non-repeatable levels by time:
     D:9: 3901 daAuts
     D:4: 3126 daAuts
  Lair:1: 2924 daAuts
     D:3: 2839 daAuts
     D:5: 2798 daAuts
    D:10: 2756 daAuts
     D:7: 2693 daAuts
     D:1: 1944 daAuts
     D:8: 1767 daAuts
     D:2: 1271 daAuts
     D:6: 1206 daAuts
  Lair:2: 50 daAuts
  Temple: 24 daAuts
